 Dungeon Crawl Stone Soup version 0.21-a0-24-ga372141 (webtiles) character file.

169798 RKaid the Warrior (level 17, -10/156 HPs)
             Began as a Pale Draconian Fire Elementalist on May 11, 2017.
             Was the Champion of Vehumet.
             Killed from afar by a merfolk aquamancer (24 damage)
             ... with a torrent of water
             ... on level 3 of the Shoals on May 25, 2017.
             The game lasted 05:02:04 (55504 turns).

RKaid the Warrior (DrFE)                           Turns: 55504, Time: 05:02:04

Health: -10/156    AC: 19    Str: 11    XL:     17   Next: 36%
Magic:  23/34      EV: 25    Int: 21    God:    Vehumet [******]
Gold:   2361       SH: 10    Dex: 17    Spells: 3/43 levels left

rFire    + . .     SeeInvis .   a - +9 falchion of Iluloc {elec, Dex+4}
rCold    + . .     Gourm    .   F - +1 buckler
rNeg     . . .     Faith    .   (armour unavailable)
rPois    .         Spirit   .   c - +1 hat
rElec    .         Reflect  +   l - scarf {rC+ rF+}
rCorr    .         Harm     .   u - +2 pair of gloves
MR       +....                  G - +2 pair of boots of the Assassin {Detection Stab+ Stlth++}
Stlth    ++++......             d - +3 amulet of reflection
Regen    0.4/turn               R - +3 ring of protection
MPRegen  0.3/turn               y - +3 ring of evasion

@: flying, very slightly contaminated
A: breathe steam, unfitting armour, talons 1, sense surroundings 1,
cold-blooded, AC +9
a: Breathe Steam, Renounce Religion


You were on level 3 of the Shoals.
You worshipped Vehumet.
Vehumet was exalted by your worship.
You were not hungry.

You visited 6 branches of the dungeon, and saw 29 of its levels.
You also visited: Labyrinth, Ossuary and Ice Cave.

You collected 3200 gold pieces.
You spent 839 gold pieces at shops.

Inventory:

Hand Weapons
 a - the +9 falchion of Iluloc (weapon) {elec, Dex+4}
   (You found it on level 3 of the Lair of Beasts)

   Occasionally, upon striking a foe, it will discharge some electrical energy
   and cause terrible harm.
   It affects your dexterity (+4).
 X - a +2 demon trident of flaming
   (You found it in an ice cave)
Missiles
 H - a throwing net (quivered) {=f}
Armour
 c - a +1 hat (worn)
   (You found it in an ice cave)
 l - a scarf of resistance (worn)
   (You found it on level 1 of the Dungeon)
 u - a +2 pair of gloves (worn)
   (You found it on level 14 of the Dungeon)
 F - a +1 buckler (worn)
   (You found it on level 4 of the Dungeon)
 G - the +2 pair of boots of the Assassin (worn) {Detection Stab+ Stlth++}
   (You found it in an ice cave)

   It makes you much more stealthy.
 W - a +0 shield of reflection
   (You took it off Donald on level 2 of the Shoals)
Magical Staves
 b - an uncursed staff of energy {+MP, hungerless spells, !a}
   (You found it on level 6 of the Lair of Beasts)
 e - an uncursed staff of air {rElec}
   (You found it on level 11 of the Dungeon)
Jewellery
 d - a +3 amulet of reflection (around neck)
   (You found it on level 1 of the Dungeon)
 h - an uncursed ring of poison resistance {rPois}
   (You found it on level 1 of the Dungeon)
 x - a +3 ring of intelligence
   (You found it on level 6 of the Dungeon)
 y - a +3 ring of evasion (right hand)
   (You found it on level 1 of the Spider Nest)
 C - an uncursed ring of see invisible {sInv}
   (You found it in a labyrinth)
 L - an uncursed amulet of regeneration {+regen}
   (You found it on level 6 of the Lair of Beasts)
 M - an uncursed ring of resist corrosion
   (You found it on level 14 of the Dungeon)
 O - an uncursed ring of protection from cold {rC+}
   (You found it in an ice cave)
 P - an uncursed ring of protection from fire {rF+}
   (You found it on level 2 of the Shoals)
 R - a +3 ring of protection (left hand)
   (You found it on level 10 of the Dungeon)
 V - an uncursed ring of protection from magic {MR+}
   (You found it in a labyrinth)
 Z - a cursed amulet of inaccuracy {unknown}
   (You found it on level 5 of the Lair of Beasts)
Wands
 p - a wand of acid (7/15)
   (You found it in a labyrinth)
 v - a wand of digging (12/24)
   (You found it on level 8 of the Dungeon)
 J - a wand of lightning (8/15)
   (You found it on level 7 of the Dungeon)
Scrolls
 o - 11 scrolls of remove curse
 q - 2 scrolls of fear
 r - a scroll of holy word {unknown}
 s - 4 scrolls of teleportation
 w - 4 scrolls of immolation {!r}
 D - 3 scrolls of magic mapping {!r}
 I - a scroll of torment {unknown}
 S - 4 scrolls of recharging
 Y - a scroll of silence
Potions
 f - 5 potions of brilliance
 g - a potion of cancellation
 j - 6 potions of mutation {!q!q}
 k - 5 potions of lignification {!q}
 m - 2 potions of berserk rage {!q}
 t - 6 potions of flight
 z - 3 potions of curing
 B - 2 potions of resistance
 E - 3 potions of might
 K - 4 potions of ambrosia
 N - 4 potions of agility
 Q - a potion of magic
 T - a potion of invisibility
 U - 2 potions of haste
Comestibles
 n - 21 meat rations


   Skills:
 - Level 15.0 Fighting
 - Level 6.0 Long Blades
 + Level 13.4 Dodging
 - Level 2.0 Stealth
 - Level 5.0 Shields
 - Level 13.5 Spellcasting
 + Level 10.8 Conjurations
 + Level 8.8 Summonings
 - Level 1.0 Translocations
 - Level 11.0 Fire Magic
 - Level 6.0 Air Magic
   Level 2.0 Earth Magic
 - Level 6.0 Poison Magic


You had 3 spell levels left.
You knew the following spells:

 Your Spells              Type           Power        Failure   Level  Hunger
a - Bolt of Fire          Conj/Fire      ######....   2%          6    #####..
b - Summon Lightning Spi  Summ/Air       #####...     1%          4    None
c - Olgreb's Toxic Radia  Pois           #####...     1%          4    None
d - Sticky Flame          Conj/Fire      ######..     1%          4    None
e - Fireball              Conj/Fire      ######....   1%          5    ###....
f - Orb of Destruction    Conj           ######....   12%         7    ######.
g - Spellforged Servitor  Conj/Summ      ######....   17%         7    ######.
h - Magic Dart            Conj           ####         1%          1    None
B - Blink                 Tloc           N/A          4%          2    None


Dungeon Overview and Level Annotations

Branches:
Dungeon (15/15)            Temple (1/1) D:4            Lair (6/6) D:11
 Shoals (3/4) Lair:2       Spider (2/4) Lair:3        Slime (0/5) Lair:5
    Orc (2/2) D:9             Elf (0/3) Orc:2        Vaults (0/5) D:13
 Depths (0/5) D:15

Altars:
Ashenzari
Cheibriados
Dithmenos
Elyvilon
Fedhas
Gozag
Hepliaklqana
Kikubaaqudgha
Makhleb
Nemelex Xobeh
Okawaru
Qazlal
Ru
Sif Muna
Trog
Uskayaw
Vehumet
Wu Jian
Xom
Yredelemnul
Zin
The Shining One
Beogh
Jiyva

Shops:
D:7 (   D:12 :   Orc:2 [**%[   Shoals:1 %

Portals:
Trove: D:11 (give 13 potions of heal wounds)

Annotations:
D:5 exclusion: Blork the orc, Blork the orc
D:13 4 runed doors
Lair:4 RUPERT!!!!, Rupert


Innate Abilities, Weirdness & Mutations

You can breathe blasts of scalding, opaque steam.
Your pale cyan-grey scales are hard. (AC +9)
You cannot fit into any form of body armour.
You are cold-blooded and may be slowed by cold attacks.
You have sharp toenails.
You passively map a small area around you.


Message History

* * * LOW HITPOINT WARNING * * *
You feel very sick.
The cyclops throws a large rock.
The large rock hits you!!
* * * LOW HITPOINT WARNING * * *
You feel much better.
* * * LOW HITPOINT WARNING * * *
You feel very sick.
The cyclops throws a large rock.
The large rock completely misses you.
You feel better.
As you read the scroll of teleportation, it crumbles to dust.
You feel strangely unstable.
The cyclops throws a large rock.
The large rock hits you!!
* * * LOW HITPOINT WARNING * * *
Press: ? - help, v - describe, . - travel
Here: a cyclops The floor.
You fade into invisibility!
The sea snake misses you.
You are very lightly contaminated with residual magic.
Your surroundings suddenly seem different.
You start resting.
A merfolk avatar comes into view.
A merfolk avatar is nearby!
You flicker for a moment.
You flicker back into view.
You start resting.
You start resting.
The merfolk avatar shouts!
The merfolk avatar chants a haunting song.
You are mesmerised by the merfolk avatar!
You cannot move away from the merfolk avatar!
As you read the scroll of teleportation, it crumbles to dust.
You feel strangely unstable.
The pull of its song draws you forwards.
Shadowy forms rise from the deep at the merfolk avatar's song!
The merfolk avatar chants its luring song.
Casting: Blink
Confirm with . or Enter, or press ? or * to list all spells.
Aiming: Summon Lightning Spire
Press: ? - help, Dir - move target cursor An electric hum fills the air.
The sea snake hisses angrily.
The merfolk avatar chants its luring song.
Casting: Summon Lightning Spire
Confirm with . or Enter, or press ? or * to list all spells.
Aiming: Sticky Flame
Press: ? - help, Shift-Dir - straight line, f - sea snake
Aim: a sea snake The sticky flame hits the sea snake.
The sea snake is covered in liquid flames!
The flames covering the sea snake go out.
The sea snake stops burning.
The sea snake is engulfed in a cloud of scalding steam.
You block the sea snake's attack.
The merfolk avatar chants its luring song.
The sea snake is engulfed in a cloud of scalding steam.
The sea snake bites you but does no damage.
You hear the crackle of electricity.
a - the +9 falchion of Iluloc (weapon)
{elec, Dex+4} The merfolk avatar chants its luring song.
You miss the sea snake.
Your surroundings suddenly seem different.
Splash!
You fall into the shallow water.
Moving in this stuff is going to be slow.
You break out of your daze!
You feel very buoyant.
You fly up into the air.
A manticore comes into view.
The sea snake hisses angrily.
Casting: Sticky Flame
Confirm with . or Enter, or press ? or * to list all spells.
Aiming: Summon Lightning Spire
Press: ? - help, Dir - move target cursor You can't construct there.
You block the sea snake's attack. The sea snake closely misses you.
The sea snake closely misses you.
You riposte.
You barely miss the sea snake.
The cyclops shouts!
The sea snake completely misses you. The sea snake bites you!
* * * LOW HITPOINT WARNING * * *
You are lethally poisoned!
The sea snake poisons you!
* * * LOW HITPOINT WARNING * * *
You feel very sick.
Okay, then.
You feel better. The sea snake bites you!!
* * * LOW HITPOINT WARNING * * *
The sea snake misses you.
As you read the scroll of fear, it crumbles to dust.
You assume a fearsome visage.
The merfolk aquamancer resists with some effort.
The sea snake looks frightened!
The cyclops resists with some effort.
As you read the scroll of fog, it crumbles to dust.
The scroll dissolves into smoke.
The merfolk aquamancer shouts!
Found a stone staircase leading up.
The merfolk aquamancer points at you and mumbles some strange words.
The torrent of water hits you!
You die...

≈≈≈≈≈≈≈≈≈≈≈≈≈<≈≈≈≈,,,,,,,≈,,.H.$.
≈≈≈≈≈≈≈≈≈≈≈$≈≈≈≈≈≈≈≈≈≈≈≈≈≈,,.....
≈≈≈≈≈≈≈≈≈≈≈≈≈≈≈≈≈≈≈≈≈≈≈≈≈≈≈≈.....
≈≈≈≈≈≈≈≈≈≈≈≈≈≈≈≈≈≈≈≈≈≈≈≈≈≈≈≈≈≈≈≈≈
≈≈≈≈≈≈≈≈≈≈<≈≈≈≈≈≈≈≈≈≈≈≈≈≈≈≈≈≈≈≈≈≈
≈≈≈≈≈≈≈≈≈≈≈≈≈≈≈≈≈≈≈≈≈≈≈≈)≈≈≈≈≈≈≈≈
≈≈≈≈≈≈≈≈≈≈≈≈≈≈≈≈≈≈≈≈≈m≈≈≈≈≈≈≈≈≈≈≈
≈≈≈≈≈≈≈≈≈≈≈≈≈≈≈≈≈≈≈≈≈≈≈≈≈≈≈≈≈≈≈≈≈
≈≈≈≈≈≈≈≈≈≈≈≈≈≈≈≈@≈§§§≈≈≈C≈≈≈≈≈≈≈≈
≈≈≈≈≈≈≈≈≈≈≈≈≈≈≈≈≈≈§§§≈≈≈≈≈≈≈≈≈≈≈≈
≈≈≈≈≈≈≈≈≈≈≈≈≈≈≈≈≈§§§§≈≈≈≈≈≈≈H≈≈≈≈
≈≈≈≈≈≈≈≈≈≈≈≈≈≈≈≈≈≈≈≈§≈≈≈≈≈≈≈≈≈≈≈≈
≈≈≈≈≈≈≈≈≈≈≈≈≈≈≈≈≈≈≈≈≈≈≈≈≈≈≈≈≈≈≈≈≈
≈≈≈≈≈≈≈≈≈≈≈≈≈≈≈≈≈≈≈≈≈≈≈≈≈≈≈≈≈≈≈≈≈
≈≈≈≈≈≈≈≈≈≈≈≈≈≈≈≈≈≈≈≈≈≈≈≈≈≈≈≈≈≈≈≈≈
≈≈≈≈≈≈≈≈≈≈≈≈≈≈≈≈≈≈≈≈≈≈≈≈≈≈≈≈≈≈≈≈≈
≈≈≈≈≈≈≈≈≈≈≈≈≈≈≈≈≈≈≈≈≈≈≈≈≈≈≈≈≈≈≈≈≈


You could see a merfolk aquamancer.

Vanquished Creatures
  An entropy weaver (Spider:1)
  A dire elephant (D:15)
  A merfolk javelineer (Shoals:3)
  A minotaur (Lab)
  Josephine (D:11)
  A fire dragon (Lair:6)
  A great orb of eyes (D:14)
  9 hydras
  5 merfolk aquamancers
  2 merfolk avatars
  A catoblepas (Lair:5)
  5 two-headed ogres
  Erica (D:8)
  2 satyrs (Shoals:2)
  Urug (Lair:5)
  2 orc high priests (Orc:2)
  11 death yaks
  6 unseen horrors
  A deep troll (Orc:2)
  4 sea snakes
  2 wizards
  A lindwurm (Lair:6)
  3 orc knights
  14 wolf spiders
  3 cyclopes
  3 deep elf magi
  9 harpies
  11 orb spiders
  13 fauns
  An oklob plant (Lair:5)
  14 ugly things
  9 slime creatures
  13 manticores
  A moth of wrath (Spider:1)
  6 elephants
  6 merfolk sirens
  3 water nymphs
  10 black mambas
  Maurice (D:8)
  Psyche (D:8)
  The ghost of busta the Chopper, a novice NaGl (D:3)
  2 ice statues (IceCv)
  A black mamba (shapeshifter) (D:14)
  A torpor snail (Lair:4)
  2 centaur skeletons
  5 gargoyles
  16 spiny frogs
  2 molten gargoyles (Lair:6)
  A redback zombie (D:15)
  13 komodo dragons
  4 kobold demonologists
  5 demonic crawlers
  12 ice devils (IceCv)
  7 trolls
  2 wind drakes
  A hornet (D:11)
  4 polar bears
  Prince Ribbit (D:7)
  19 merfolk
  29 jumping spiders
  12 blink frogs
  2 dream sheep (Lair:6)
  17 hippogriffs
  A hippogriff (shapeshifter) (D:13)
  2 snapping turtles
  A vampire (D:13)
  45 redbacks
  6 tarantellas (Spider:1)
  5 wraiths
  17 water elementals
  A wyvern (D:10)
  59 yaks
  6 basilisks
  2 steam dragons
  4 hungry ghosts
  A vampire mosquito (D:14)
  4 wargs
  The ghost of endorz the Shield-Bearer, an amateur GrFi of Cheibriados (D:4)
  An acid dragon (D:14)
  Duvessa (D:6)
  11 porcupines
  9 water moccasins
  3 soldier ants
  2 hell hounds (Lair:6)
  48 orc warriors
  5 ice beasts
  A black bear (shapeshifter) (D:14)
  3 sky beasts
  3 black bears
  An eye of draining (D:14)
  21 centaurs
  A boggart (D:14)
  2 necrophages
  23 ogres
  12 wolves
  10 crocodiles
  8 big kobolds
  6 gnoll sergeants
  15 bullfrogs
  2 wyvern skeletons
  4 scorpions
  Dowan (D:6)
  9 killer bees
  6 electric eels
  5 wights (D:9)
  3 howler monkeys (D:7)
  4 crimson imps
  5 lava snakes (Lair:6)
  3 centaur zombies
  2 gnoll shamans (D:7)
  4 jellies
  A quasit (D:8)
  3 bullfrog zombies
  14 orc priests
  Crazy Yiuf (D:4)
  3 bullfrog skeletons
  8 hounds
  2 iguanas
  25 orc wizards
  10 worker ants
  A killer bee zombie (D:5)
  2 hound zombies
  4 hound skeletons
  8 mummies (Ossuary)
  A worker ant zombie (D:10)
  10 adders
  23 gnolls
  A howler monkey skeleton (D:2)
  5 shadow imps
  3 white imps (IceCv)
  7 ufetubi (IceCv)
  3 oozes
  2 adder zombies (D:2)
  An adder skeleton (D:2)
  3 worms
  A dart slug (D:3)
  4 leopard geckos
  92 orcs
  A ball python (D:3)
  3 bat skeletons (D:2)
  6 giant cockroaches
  A gnoll zombie (Ossuary)
  12 goblins
  10 hobgoblins
  8 jackals
  2 quokkas
  8 bats
  4 frilled lizards
  2 hobgoblin zombies (Ossuary)
  2 jackal skeletons
  31 kobolds
  A kobold zombie (Ossuary)
  A leopard gecko skeleton (D:2)
  A leopard gecko zombie (D:2)
  4 orc zombies (Ossuary)
  A quokka skeleton (D:7)
  8 rats
  A fungus (D:11)
  A plant (Shoals:1)
1075 creatures vanquished.

Vanquished Creatures (collateral kills)
  Donald (Shoals:2)
  A fire dragon (D:14)
  A hydra (Lair:6)
  A tengu warrior (D:12)
  2 sea snakes
  A harpy (Shoals:1)
  3 wolf spiders
  An orc knight (Orc:2)
  3 merfolk sirens
  A molten gargoyle (Lair:6)
  A naga mage (D:15)
  A demonic crawler (Spider:1)
  An efreet (D:15)
  A komodo dragon (Lair:6)
  A jumping spider (Spider:2)
  A snapping turtle (Shoals:3)
  4 dream sheep (Lair:6)
  A wraith (D:12)
  2 redbacks (Spider:1)
  A yak (D:12)
  A basilisk (Lair:6)
  A hell hound (Lair:6)
  3 orc warriors (D:9)
  An orc priest (Orc:1)
  2 orc wizards
  A plant (Shoals:3)
38 creatures vanquished.

Vanquished Creatures (others)
  An orc warlord (Orc:2)
  A blizzard demon (IceCv)
  2 cyclopes
  A centaur (D:6)
  4 white imps (IceCv)
  5 ufetubi (IceCv)
  5 orcs
  A fire vortex (Lair:6)
  19 fungi
  16 plants
55 creatures vanquished.

Grand Total: 1168 creatures vanquished

Notes
Turn   | Place    | Note
-------+----------+-------------------------------------------
     0 | D:1      | RKaid the Draconian Fire Elementalist began the quest for the Orb.
     0 | D:1      | Reached XP level 1. HP: 14/14 MP: 3/3
   301 | D:1      | Reached XP level 2. HP: 20/20 MP: 1/5
   870 | D:2      | Reached XP level 3. HP: 26/26 MP: 1/6
   994 | D:2      | Reached skill level 2 in Conjurations
  1188 | D:2      | Reached skill level 4 in Fire Magic
  1284 | D:2      | Reached XP level 4. HP: 26/33 MP: 0/7
  1635 | D:2      | Found a glowing silver altar of Zin.
  2000 | D:2      | Reached XP level 5. HP: 38/38 MP: 9/9
  2113 | D:3      | Reached skill level 3 in Conjurations
  2309 | D:3      | Noticed busta's ghost (novice NaGl)
  2346 | D:2      | Learned a level 3 spell: Conjure Flame
  2351 | D:2      | Learned a level 4 spell: Sticky Flame
  2528 | D:3      | Killed busta's ghost
  2528 | D:3      | Reached skill level 3 in Spellcasting
  2528 | D:3      | Reached skill level 4 in Conjurations
  2528 | D:3      | Reached skill level 5 in Fire Magic
  2528 | D:3      | Reached XP level 6. HP: 39/45 MP: 0/10
  2657 | D:3      | HP: 10/45 [orc wizard/magic dart (3)]
  2660 | D:3      | RKaid: @??orc priest
  2660 | D:3      | beem: orc priest (o)
                  | Spd:
    10 | HD: 3    | HP: 11-18
                  | AC/EV: 3/9
                  | Dam: 6
                  | natural, weapons, items, doors, priest, evil
                  | Res: magic(20)
                  | XP: 41
                  | Sp: cantrip [!AM], pain (d14) [!AM], smiting (7-17) [!AM], heal other (2d1+3) [!AM]
                  | Sz: Medium
                  | Int: human.
  2663 | D:3      | HP: 9/45 [orc priest/nerve-wracking pain (10)]
  3080 | D:3      | Your scales start taking on a pale cyan-grey colour.
  3080 | D:3      | Reached skill level 6 in Fire Magic
  3080 | D:3      | Reached XP level 7. HP: 50/50 MP: 7/11
  3310 | D:3      | HP: 7/50 [orc wizard/magic dart (7)]
  3311 | D:3      | RKaid: @??orc wizard
  3311 | D:3      | beem: orc wizard (o)
                  | Spd:
    10 | HD: 3    | HP: 12-18
                  | AC/EV: 2/12
                  | Dam: 5
                  | weapons, items, doors, spellcaster
                  | Res: magic(20)
                  | XP: 38
                  | Sp: cantrip, magic dart (3d4), throw frost (3d5), throw flame (3d5), haste, invisibility [emergency] / magic dart (3d4), slow, haste, blink / magic dart (3d4), throw flame (3d5), confuse, invisibility
                  | Sz: Medium
                  | Int: human.
  3313 | D:3      | Reached skill level 5 in Conjurations
  4090 | D:3      | Found a sacrificial altar of Ru.
  4149 | D:4      | Found a staircase to the Ecumenical Temple.
  4181 | Temple   | Entered the Ecumenical Temple
  4532 | D:4      | Found a hide-covered altar of Uskayaw.
  4533 | D:4      | Found an opulent altar of Gozag.
  4533 | D:4      | Found a hazy altar of Hepliaklqana.
  4535 | D:4      | Found a basalt altar of Yredelemnul.
  4551 | D:4      | Found a sand-covered staircase.
  4556 | Ossuary  | Entered an ossuary
  5122 | D:4      | Found a radiant altar of Vehumet.
  5125 | D:4      | Became a worshipper of Vehumet
  5526 | D:4      | Noticed endorz's ghost (amateur GrFi)
  5562 | D:4      | Killed endorz's ghost
  5562 | D:4      | Reached skill level 1 in Shields
  5840 | D:4      | Found a runed door.
  5844 | D:4      | Noticed Crazy Yiuf
  5852 | D:4      | Killed Crazy Yiuf
  5963 | D:5      | Entered Level 5 of the Dungeon
  6003 | D:5      | Found a glowing golden altar of the Shining One.
  6024 | D:5      | Reached skill level 2 in Shields
  6133 | D:5      | Reached XP level 8. HP: 57/57 MP: 9/13
  6160 | D:5      | Reached skill level 6 in Conjurations
  6339 | D:5      | Noticed Blork the orc
  6383 | D:5      | Reached skill level 4 in Spellcasting
  6496 | D:5      | Reached skill level 3 in Shields
  6517 | D:5      | Found an ornate altar of the Wu Jian Council.
  6851 | D:6      | Noticed Duvessa
  7275 | D:6      | Reached skill level 4 in Shields
  7414 | D:6      | Reached skill level 7 in Conjurations
  7616 | D:6      | Noticed Dowan
  7670 | D:6      | Killed Dowan
  7670 | D:6      | Reached skill level 1 in Fighting
  8146 | D:6      | Killed Duvessa
  8253 | D:6      | Reached * piety under Vehumet
  8253 | D:6      | Offered knowledge of Magic Dart by Vehumet.
  8472 | D:6      | Learned a level 1 spell: Magic Dart
  8633 | D:7      | Reached skill level 2 in Fighting
  8633 | D:7      | Reached XP level 9. HP: 64/67 MP: 5/16
  8736 | D:7      | Reached skill level 5 in Spellcasting
  8758 | D:7      | Noticed Prince Ribbit
  8774 | D:7      | Killed Prince Ribbit
  8774 | D:7      | Reached skill level 8 in Conjurations
  8774 | D:7      | Reached skill level 7 in Fire Magic
  8926 | D:7      | Reached skill level 2 in Dodging
  9060 | D:7      | Reached skill level 3 in Fighting
  9434 | D:7      | Got a crude quarterstaff
  9699 | D:7      | Reached skill level 3 in Dodging
 10081 | D:7      | Reached skill level 4 in Fighting
 10086 | D:7      | Offered knowledge of Searing Ray by Vehumet.
 10392 | D:7      | Reached ** piety under Vehumet
 10488 | D:7      | Found Guergheol's Weapon Boutique.
 10534 | D:7      | Reached skill level 6 in Spellcasting
 10825 | D:8      | Noticed Maurice
 10961 | D:8      | Reached skill level 5 in Fighting
 10986 | D:8      | Learned a level 5 spell: Fireball
 11140 | D:8      | Identified the +8 quarterstaff of Okawaru's Whim {flame, rPois rF+ Dex+6} (You found it on level 7 of the Dungeon)
 11168 | D:8      | Noticed a two-headed ogre
 11197 | D:8      | Reached skill level 4 in Dodging
 11461 | D:8      | Killed Maurice
 11461 | D:8      | Reached XP level 10. HP: 81/81 MP: 14/19
 11671 | D:8      | Noticed Psyche
 11673 | D:8      | Noticed a two-headed ogre
 11704 | D:8      | Killed a two-headed ogre
 11704 | D:8      | Reached skill level 6 in Fighting
 11743 | D:8      | Killed a two-headed ogre
 11743 | D:8      | Reached skill level 5 in Dodging
 11743 | D:8      | Reached skill level 8 in Fire Magic
 11890 | D:8      | Killed Psyche
 11890 | D:8      | Reached skill level 9 in Conjurations
 12012 | D:8      | Noticed Erica
 12227 | D:8      | Offered knowledge of Stone Arrow by Vehumet.
 12449 | D:8      | Killed Erica
 12449 | D:8      | Reached skill level 7 in Fighting
 12601 | D:9      | Learned a level 3 spell: Stone Arrow
 12781 | D:9      | Reached skill level 6 in Dodging
 12991 | D:9      | Noticed a two-headed ogre
 13004 | D:9      | Killed a two-headed ogre
 13004 | D:9      | Reached XP level 11. HP: 92/92 MP: 5/20
 13157 | D:9      | Found a staircase to the Orcish Mines.
 13171 | D:9      | Reached *** piety under Vehumet
 13173 | D:9      | Noticed a two-headed ogre
 13546 | D:9      | Reached skill level 8 in Fighting
 13710 | D:9      | Killed a two-headed ogre
 13710 | D:9      | Reached skill level 7 in Spellcasting
 14248 | D:9      | Offered knowledge of Dazzling Spray by Vehumet.
 14546 | D:10     | Entered Level 10 of the Dungeon
 14709 | D:10     | Killed an unseen horror
 14709 | D:10     | Reached skill level 7 in Dodging
 14750 | D:10     | Reached **** piety under Vehumet
 15250 | D:10     | Reached skill level 9 in Fighting
 15275 | D:10     | Offered knowledge of Lightning Bolt by Vehumet.
 15388 | D:10     | Noticed an unseen horror
 15391 | D:10     | Killed an unseen horror
 16169 | D:11     | Reached skill level 8 in Spellcasting
 16629 | D:11     | Noticed a green ugly thing
 16630 | D:11     | Noticed a white ugly thing
 16847 | D:10     | Noticed a two-headed ogre
 16891 | D:9      | Killed a white ugly thing
 16957 | D:9      | Reached skill level 8 in Dodging
 17059 | D:9      | Gained mutation: You have sharp toenails. [mutagenic meat]
 17122 | D:10     | Noticed an unseen horror
 17125 | D:10     | Killed an unseen horror
 17125 | D:10     | Reached XP level 12. HP: 91/106 MP: 19/24
 17244 | D:10     | Noticed a two-headed ogre
 17383 | D:11     | Gained mutation: You evolve. [mutagenic meat]
 17393 | D:11     | Reached skill level 10 in Fighting
 17625 | D:11     | Found a staircase to the Lair.
 17885 | D:11     | Noticed Josephine
 17889 | D:11     | Reached ***** piety under Vehumet
 18027 | D:11     | Offered knowledge of Olgreb's Toxic Radiance by Vehumet.
 18033 | D:11     | Learned a level 4 spell: Olgreb's Toxic Radiance
 18034 | D:11     | Found a portal to a secret trove of treasure.
 18208 | D:11     | Reached skill level 9 in Spellcasting
 18491 | Lair:1   | Entered Level 1 of the Lair of Beasts
 18562 | Lair:1   | Found a labyrinth entrance.
 18587 | Lab      | Entered a labyrinth
 19297 | Lab      | Noticed a minotaur
 19303 | Lab      | Killed a minotaur
 19303 | Lab      | Reached skill level 9 in Dodging
 19303 | Lab      | Reached skill level 1 in Poison Magic
 19434 | D:11     | Learned a level 4 spell: Summon Lightning Spire
 19751 | Lair:1   | You fall through a shaft!
 19879 | Lair:1   | Reached skill level 2 in Poison Magic
 20394 | Lair:1   | Upgraded the game from 0.20-a0-1122-gb7cbeb9 to 0.20-a0-1127-g1289703
 20708 | Lair:2   | Reached skill level 11 in Fighting
 20776 | Lair:2   | Noticed a seven-headed hydra
 20796 | Lair:2   | Killed a seven-headed hydra
 20796 | Lair:2   | Reached skill level 3 in Poison Magic
 21127 | Lair:2   | Gained mutation: You are dopey. (Int -2) [evolution]
 21606 | Lair:2   | Reached skill level 4 in Poison Magic
 21835 | Lair:2   | Found a staircase to the Shoals.
 22952 | Lair:3   | Noticed a four-headed hydra
 22983 | Lair:3   | Killed a four-headed hydra
 22983 | Lair:3   | Reached XP level 13. HP: 79/116 MP: 26/26
 23225 | Lair:3   | Found a hole to the Spider Nest.
 23714 | Lair:3   | Reached skill level 5 in Poison Magic
 24100 | Lair:3   | Got a twisted falchion
 24697 | Lair:4   | Reached skill level 10 in Spellcasting
 24993 | Lair:4   | Reached skill level 10 in Dodging
 25316 | Lair:4   | Reached skill level 12 in Fighting
 25595 | Lair:4   | Learned a level 2 spell: Blink
 25701 | Lair:4   | Reached skill level 6 in Poison Magic
 25722 | Lair:4   | Reached skill level 1 in Summonings
 25735 | Lair:4   | Noticed Rupert
 25907 | Lair:4   | Reached skill level 1 in Air Magic
 26331 | Lair:5   | HP: 22/118 [black mamba (8)]
 26606 | Lair:5   | Reached skill level 9 in Fire Magic
 26742 | Lair:3   | Learned a level 3 spell: Mephitic Cloud
 26851 | Lair:5   | Identified the +9 falchion of Iluloc {elec, Dex+4} (You found it on level 3 of the Lair of Beasts)
 26861 | Lair:5   | Reached skill level 2 in Air Magic
 26942 | Lair:5   | Found a staircase to the Slime Pits.
 26943 | Lair:5   | Found a viscous altar of Jiyva.
 27095 | Lair:5   | Reached skill level 2 in Summonings
 27108 | Lair:5   | Reached skill level 3 in Air Magic
 27254 | Lair:5   | Noticed Urug
 27275 | Lair:5   | Killed Urug
 27275 | Lair:5   | Reached skill level 3 in Summonings
 27540 | Lair:5   | HP: 25/118 [catoblepas (23)]
 27547 | Lair:5   | RKaid: ??petrifying cloud
 27547 | Lair:5   | beem: I don't have a page labeled petrifying_cloud in my learndb.
 27547 | Lair:5   | RKaid: @??catoblepas
 27547 | Lair:5   | beem: catoblepas (Y)
                  | Spd:
    10 | HD: 14   | HP: 61-91
                  | AC/EV: 10/2
                  | Dam: 36
                  | Res: magic(100)
                  | XP: 937
                  | Sp: petrifying cloud (2d6) [!AM, !sil]
                  | Sz: Big
                  | Int: animal.
 27550 | Lair:5   | HP: 13/118 [catoblepas/blast of calcifying dust (6)]
 27556 | Lair:5   | HP: 10/118 [something/blast of calcifying dust (4)]
 27565 | Lair:5   | HP: 9/118 [something/blast of calcifying dust (4)]
 27872 | Lair:5   | Reached skill level 4 in Air Magic
 28281 | Lair:5   | Reached skill level 4 in Summonings
 28688 | Lair:6   | Entered Level 6 of the Lair of Beasts
 28689 | Lair:6   | Upgraded the game from 0.20-a0-1127-g1289703 to 0.21-a0-24-ga372141
 28738 | Lair:6   | HP: 26/118 [six-headed hydra (12)]
 28755 | Lair:6   | HP: 20/118 [spiny frog (11)]
 29100 | Lair:6   | Reached skill level 5 in Air Magic
 29141 | Lair:5   | Reached XP level 14. HP: 126/126 MP: 23/28
 29162 | Lair:6   | Reached skill level 11 in Dodging
 29282 | Lair:6   | Reached skill level 5 in Summonings
 29759 | Lair:6   | Reached skill level 1 in Translocations
 30150 | Lair:6   | Reached skill level 1 in Long Blades
 30472 | Lair:6   | Reached skill level 2 in Long Blades
 30534 | Lair:5   | Reached skill level 6 in Air Magic
 31078 | Lair:6   | Reached skill level 6 in Summonings
 31084 | Lair:6   | Offered knowledge of Conjure Ball Lightning by Vehumet.
 31090 | Lair:5   | Reached skill level 2 in Stealth
 31254 | Lair:6   | Reached skill level 3 in Long Blades
 32349 | Lair:6   | Reached skill level 4 in Long Blades
 32532 | Lair:6   | Found a large runed door.
 32532 | Lair:6   | Found a large runed door.
 33728 | D:12     | Reached skill level 5 in Long Blades
 34186 | D:12     | HP: 31/127 [red ugly thing (10)]
 34200 | D:12     | HP: 23/127 [red ugly thing (12)]
 34342 | D:11     | HP: 30/127 [manticore (14)]
 34563 | D:11     | Lost mutation: You are dopey. (Int -2) [evolution]
 34718 | Orc:1    | Entered Level 1 of the Orcish Mines
 34726 | D:9      | Offered knowledge of Bolt of Magma by Vehumet.
 34909 | D:11     | Learned a level 5 spell: Bolt of Magma
 34922 | D:11     | Killed Josephine
 34922 | D:11     | Reached skill level 11 in Spellcasting
 35280 | D:9      | Reached skill level 1 in Earth Magic
 36329 | Orc:2    | Entered Level 2 of the Orcish Mines
 36511 | Orc:2    | Noticed an orc warlord
 36523 | Orc:2    | Killed an orc warlord
 36523 | Orc:2    | Reached skill level 13 in Fighting
 36523 | Orc:2    | Reached skill level 2 in Earth Magic
 36717 | Orc:2    | Found a staircase to the Elven Halls.
 36749 | Orc:2    | Found a roughly hewn altar of Beogh.
 36763 | Orc:2    | Reached skill level 6 in Long Blades
 36794 | Orc:2    | Reached XP level 15. HP: 71/135 MP: 4/30
 37007 | Orc:2    | Found Nyj Zics's Armour Shop.
 37016 | Orc:2    | Bought a +0 pair of gloves for 45 gold pieces
 37109 | Orc:2    | Reached skill level 5 in Shields
 37847 | Orc:2    | Offered knowledge of Freezing Cloud by Vehumet.
 38037 | Orc:2    | Found Hatim's Assorted Antiques.
 38037 | Orc:2    | Found Daock's General Store.
 38039 | Orc:2    | Found Neicruo's Armour Shop.
 38041 | Orc:2    | Found Orghigya's Food Shoppe.
 38096 | Orc:2    | Bought a +0 cloak of poison resistance for 110 gold pieces
 38099 | Orc:2    | Bought a pair of embroidered gloves for 187 gold pieces
 38099 | Orc:2    | Bought a pair of spiked boots for 237 gold pieces
 38148 | Orc:2    | Identified the +0 pair of boots "Zywuluo" {rC- rN+ SInv Stlth+} (You bought it in a shop on level 2 of the Orcish Mines)
 38807 | D:12     | Found Masole's Book Shoppe.
 40078 | Orc:2    | Bought a scroll of teleportation for 75 gold pieces
 40078 | Orc:2    | Bought a scroll of teleportation for 75 gold pieces
 40078 | Orc:2    | Bought a scroll of identify for 50 gold pieces
 40273 | D:13     | Found a huge runed gate.
 40273 | D:13     | Found a huge runed gate.
 40273 | D:13     | Found a huge runed gate.
 40273 | D:13     | Found a huge runed gate.
 40905 | D:13     | Reached skill level 10 in Fire Magic
 41495 | D:13     | Found a gate to the Vaults.
 41945 | D:14     | Offered knowledge of Bolt of Fire by Vehumet.
 42042 | D:13     | Learned a level 6 spell: Bolt of Fire
 42281 | D:14     | Gained mutation: You passively map a small area around you. [evolution]
 42665 | D:14     | Reached skill level 12 in Spellcasting
 42667 | D:14     | Reached skill level 14 in Fighting
 43578 | D:15     | Entered Level 15 of the Dungeon
 44375 | D:15     | Reached skill level 11 in Fire Magic
 44615 | D:15     | Found a staircase to the Depths.
 44627 | D:15     | Lost mutation: You evolve. [end of evolution]
 44911 | D:15     | Found a stormy altar of Qazlal.
 45323 | Spider:1 | Entered Level 1 of the Spider Nest
 45342 | Spider:1 | Reached XP level 16. HP: 141/147 MP: 20/32
 45452 | Spider:1 | Offered knowledge of Spellforged Servitor by Vehumet.
 46553 | Spider:1 | HP: 35/147 [demonic crawler (4)]
 47205 | Spider:1 | Reached skill level 12 in Dodging
 47379 | Spider:1 | Reached skill level 15 in Fighting
 47589 | Spider:1 | Reached skill level 13 in Spellcasting
 48219 | D:11     | Learned a level 7 spell: Spellforged Servitor
 49131 | Spider:2 | Reached ****** piety under Vehumet
 49131 | Spider:2 | Offered knowledge of Orb of Destruction by Vehumet.
 49138 | Spider:2 | HP: 37/149 [emperor scorpion (5)]
 50160 | D:11     | Learned a level 7 spell: Orb of Destruction
 50229 | Shoals:1 | Entered Level 1 of the Shoals
 51022 | Shoals:1 | Reached skill level 7 in Summonings
 51025 | Shoals:1 | Found Onamniab's Food Emporium.
 51042 | Shoals:1 | Bought a meat ration for 60 gold pieces
 51901 | Shoals:1 | Reached skill level 10 in Conjurations
 52278 | Shoals:2 | Noticed Donald
 52288 | Shoals:2 | Killed Donald
 52465 | Shoals:2 | Reached XP level 17. HP: 156/156 MP: 23/34
 52641 | Shoals:2 | Reached skill level 8 in Summonings
 52848 | Shoals:2 | Reached skill level 13 in Dodging
 53944 | Shoals:3 | Found a frozen archway.
 53949 | Shoals:3 | HP: 36/156 [sea snake (11)]
 53972 | IceCv    | Entered an ice cave
 55420 | Shoals:3 | HP: 31/156 [sea snake (16)]
 55421 | Shoals:3 | HP: 8/156 [cyclops/large rock (18)]
 55497 | Shoals:3 | HP: 32/156 [sea snake (8)]
 55499 | Shoals:3 | HP: 12/156 [sea snake (20)]
 55504 | Shoals:3 | Killed from afar by a merfolk aquamancer

Vault maps used:
D:1:      doesnt_arrival_eight_statues
D:2:      zin_treasury, serial_undead, serial_undead_c, serial_undead_d,
          serial_undead_e, serial_undead_b, serial_undead_a, serial_undead_f,
          minmay_door_square, st_stairs_8, kennysheep_donut
D:3:      nicolae_ru_the_path_less_chosen
D:4:      kennysheep_mini, chequers_temple_overflow_statue_of_worship,
          minmay_temple_entry_glass, nicolae_ossuary_entry_false_entrances,
          kennysheep_generic_room_8, uniq_crazy_yiuf_cottage
D:5:      lemuel_doored_altar, first_bread, nicolae_tso_carved_into_rock,
          uniq_blork_the_orc
D:6:      uniq_duvessa
D:7:      serial_gnoll_camp, gnoll_camp_mini_hut, gnoll_camp_mini_hut,
          gnoll_camp_mini_hut, gnoll_camp_mini_hut, gnoll_camp_huts_basic,
          serial_shops, nicolae_shop_competitors_out_of_business,
          enter_bailey_3, uniq_prince_ribbit1
D:8:      uniq_maurice, uniq_psyche, uniq_erica
D:9:      kennysheep_orc_monster_closet_entryway
D:11:     grunt_lair_entry_orc_guard_hut, nicolae_trove_entry_columns,
          uniq_josephine
D:12:     serial_shops, shop, hangedman_pestilent_swarm
D:13:     lemuel_bear_cage, david_vaults_1, chequers_big_river
D:14:     four-leaf_vault, kennysheep_decorative_pillar
D:15:     hangedman_depths_entry_try_elsewhere_first, lemuel_round_altar,
          kennysheep_crisscross
Temple:   dpeg_chambers_temple
Lair:1:   lab_entry_generic, lemuel_fruit_tree, infiniplex_staircase_pool_2
Lair:2:   elwin_shoals_entry_rooms
Lair:3:   spider_nest_entry_webs, gammafunk_lair_bear_cave
Lair:4:   st_stairs_8, lemuel_fruit_fields, uniq_rupert
Lair:5:   slime_altar_1, infiniplex_staircase_pool, uniq_urug
Lair:6:   cheibrodos_lair_end_hotspot
Shoals:1: serial_shops, shop
Shoals:2: uniq_donald
Shoals:3: cheibrodos_shoals_three_sisters, portal_ice_cave_entry_pillars_three
Spider:1: hive_lemuel
Orc:2:    st_orc_rangers, basic_altar, guppyfry_orc_lava_fort
Lab:      nicolae_lab_dead_end
Ossuary:  ossuary_tomb_3
IceCv:    ice_cave_small_demon

Skill      XL: |  1  2  3  4  5  6  7  8  9 10 11 12 13 14 15 16 17 |
---------------+----------------------------------------------------+-----
Conjurations   | 2 4 5 7 8 9 10 | 10.8
Fire Magic     | 4 5 6 7 8 9 11 | 11.0
Spellcasting   | 3 4 6 8 9 10 11 12 13 | 13.5
Shields        | 2 4 5 |  5.0
Fighting       | 2 5 7 9 11 12 13 14 15 | 15.0
Dodging        | 4 6 8 9 10 11 12 13 | 13.4
Poison Magic   | 4 6 |  6.0
Summonings     | 4 6 7 8 |  8.8
Air Magic      | 5 6 |  6.0
Translocations | 1 |  1.0
Long Blades    | 6 |  6.0
Stealth        | 2 |  2.0
Earth Magic    | 2 |  2.0

Action                   |  1- 3 |  4- 6 |  7- 9 | 10-12 | 13-15 | 16-18 || total
-------------------------+-------+-------+-------+-------+-------+-------++-------
Melee: Short sword       |    12 |       |       |       |       |       ||    12
       Tailslap          |     3 |     4 |    12 |    26 |   102 |    34 ||   181
       Dagger            |     5 |    50 |    75 |       |       |       ||   130
       Trident           |       |       |    47 |   268 |    63 |       ||   378
       Kick              |       |       |       |    33 |    75 |       ||   108
       Falchion          |       |       |       |       |   494 |   193 ||   687
       Staff             |       |       |       |       |       |     2 ||     2
Throw: Stone             |       |     8 |       |       |       |       ||     8
 Cast: Flame Tongue      |    48 |    81 |   329 |    75 |    68 |       ||   601
       Conjure Flame     |       |     1 |    15 |     6 |       |       ||    22
       Magic Dart        |       |       |    73 |   113 |    56 |       ||   242
       Sticky Flame      |       |       |     9 |   101 |   119 |     7 ||   236
       Stone Arrow       |       |       |       |    57 |    76 |       ||   133
       Fireball          |       |       |       |    37 |    94 |    53 ||   184
       Blink             |       |       |       |       |    19 |    10 ||    29
       Mephitic Cloud    |       |       |       |       |     4 |       ||     4
       Olgreb's Toxic Ra |       |       |       |       |    11 |    15 ||    26
       Bolt of Magma     |       |       |       |       |   151 |     7 ||   158
       Summon Lightning  |       |       |       |       |    35 |    19 ||    54
       Bolt of Fire      |       |       |       |       |    32 |   210 ||   242
 Abil: Breathe Steam     |       |       |       |       |     8 |       ||     8
Evoke: Wand              |       |       |     2 |     3 |    16 |     3 ||    24
       Staff of energy   |       |       |       |       |     9 |     4 ||    13
  Use: Scroll            |       |     7 |    15 |    16 |    10 |    12 ||    60
       Potion            |       |     1 |     1 |       |     2 |    11 ||    15
 Stab: Sleeping          |       |     1 |     1 |     2 |     1 |     1 ||     6
       Confused          |       |       |       |       |     1 |       ||     1
       Distracted        |       |       |       |       |     8 |     2 ||    10
  Eat: Chunk             |     2 |     5 |    18 |    22 |    22 |     6 ||    75
       Bread ration      |       |     1 |       |     6 |     4 |     2 ||    13
       Fruit             |       |       |     5 |     3 |    29 |       ||    37
       Royal jelly       |       |       |     2 |     2 |     7 |     5 ||    16
       Meat ration       |       |       |       |       |       |     2 ||     2
Armor: Skin              |     9 |    44 |    49 |    80 |   170 |   160 ||   512
Dodge: Dodged            |    18 |    78 |   131 |   279 |   701 |   569 ||  1776
Block: Other             |     5 |    13 |    15 |     3 |       |       ||    36
       Reflection        |       |     1 |     6 |     6 |    29 |    14 ||    56
       Buckler           |       |       |    31 |   189 |   456 |   295 ||   971
       Rpst.: Falchion   |       |       |       |       |   112 |    46 ||   158

Table legend:
 A = Turns spent in this place as a percentage of turns spent in the entire game.
 B = Non-inter-level travel turns spent in this place as a percentage of non-inter-level travel turns spent in the entire game.
 C = Inter-level travel turns spent in this place as a percentage of turns spent in this place.
 D = Turns resting spent in this place as a percentage of non-inter-level travel turns spent in this place.
 E = Turns spent auto-exploring this place as a percentage of non-inter-level travel turns spent in this place.
 F = Non-inter-level travel turns spent in this place divided by the number of levels of this place that you've seen.
                   A       B       C       D       E      F
               +-------+-------+-------+-------+-------+----------------------
         Total | 100.0 | 100.0 |   0.5 |   5.6 |   3.4 | 503.1
       Dungeon |  47.7 |  47.6 |   0.7 |   5.7 |   4.3 | 511.1
        Temple |   0.2 |   0.2 |   2.8 |   0.0 |  34.3 |  35.0
          Lair |  25.2 |  25.2 |   0.3 |   5.3 |   2.0 | 676.7
        Shoals |   8.5 |   8.5 |   0.1 |   7.6 |   3.1 | 458.3
   Spider Nest |   6.2 |   6.2 |   0.7 |   7.1 |   1.8 | 498.0
  Orcish Mines |   5.2 |   5.2 |   0.6 |   4.6 |   7.4 | 417.0
     Labyrinth |   3.7 |   3.7 |   0.0 |   0.3 |   0.0 | 603.0
       Ossuary |   1.2 |   1.2 |   0.0 |   6.0 |   0.0 | 199.0
      Ice Cave |   2.0 |   2.1 |   0.0 |   5.1 |   1.2 | 331.0
               +-------+-------+-------+-------+-------+----------------------

Table legend:
 A = Kills in this place as a percentage of kills in entire the game.
 B = Kills by you in this place as a percentage of kills by you in the entire game.
 C = Kills by friends in this place as a percentage of kills by friends in the entire game.
 D = Other kills in this place as a percentage of other kills in the entire game.
 E = Experience gained in this place as a percentage of experience gained in the entire game.
 F = Experience gained in this place divided by the number of levels of this place that you have seen.
                   A       B       C       D       E      F
               +-------+-------+-------+-------+-------+----------------------
         Total | 100.0 | 100.0 | 100.0 | 100.0 | 100.0 | 7580.3
       Dungeon |  49.1 |  50.0 |  27.0 |  25.0 |  31.6 | 5107.5
          Lair |  17.4 |  17.2 |  24.3 |   0.0 |  24.9 | 10059.8
        Shoals |   8.8 |   8.3 |  21.6 |  12.5 |  19.2 | 15516.3
   Spider Nest |  10.6 |  10.4 |  18.9 |   0.0 |  16.3 | 19812.0
  Orcish Mines |  10.5 |  10.2 |   8.1 |  62.5 |   5.4 | 6585.5
     Labyrinth |   0.1 |   0.1 |   0.0 |   0.0 |   0.5 | 1105.0
       Ossuary |   1.4 |   1.5 |   0.0 |   0.0 |   0.1 | 149.0
      Ice Cave |   2.1 |   2.2 |   0.0 |   0.0 |   2.1 | 4999.0
               +-------+-------+-------+-------+-------+----------------------
